AoeStats
← TPE-床上小旋風

Black Forest

509796190Analyzed
4v4 RM · 4d ago on Sep 28, 2026· 86m 11s· 8 players
Game mode
Random Map
Map size
Large (8 player)
Population
200
Speed
Normal
Resources
Standard
Victory
Conquest
Starting age
Dark Age
Ending age
Imperial Age
RankedLock teamsTeams togetherTeam positionsShared explorationLock speedFull tech treeHidden civsTurbo modeCheats
Victory
Defeat
🇺🇸 Teutons · United States
1447
+13
🇺🇸 Danes · United States
1379
+16
🇪🇨 Bohemians · Ecuador
1362
+17
🇲🇽 Burgundians · Mexico
1290
+21
🇨🇳 Franks · China
1430
-19
🇹🇼 Danes · Taiwan
1382
-17
🇹🇼 Persians · Taiwan
1378
-16
🇷🇺 Celts · Russia
1334
-15
DeeperDeeper
11:37 Feudal Age
12:47 Double-Bit Axe
15:14 Castle Age
13:18 Horse Collar
14:40 Fishing Lines
16:36 Bow Saw
17:09 Fishing Lines
17:53 Gillnets
24:52 Heavy Plow
26:13 Fletching
31:05 Imperial Age
29:06 Gold Mining
29:06 Stone Mining
30:14 Wheelbarrow
29:24 Town Watch
30:48 Forging
30:38 Scale Mail Armor
31:18 Stone Shaft Mining
31:19 Gold Shaft Mining
31:40 Hand Cart
32:17 Iron Casting
32:52 Hoardings
32:30 Masonry
33:28 Ballistics
34:11 Chain Mail Armor
34:36 Siege Engineers
34:53 Onager
35:24 Gambesons
35:39 Squires
35:25 Arson
36:23 Conscription
35:42 Hamask
37:42 Elite Varangian Guard
40:56 Plate Mail Armor
40:29 Pikeman
41:19 Pikeman
41:53 Halberdier
44:31 Blast Furnace
44:19 Coinage
43:52 Caravan
45:51 Bodkin Arrow
45:56 Padded Archer Armor
46:59 Chemistry
45:35 Elite Skirmisher
46:38 Bracer
46:54 Leather Archer Armor
46:57 Thumb Ring
50:19 Leather Archer Armor
52:12 Siege Onager
53:43 Loom
53:58 Town Patrol
祈求好运
1:46 Loom
10:25 Feudal Age
11:29 Double-Bit Axe
11:53 Fletching
21:39 Castle Age
20:07 Stone Mining
23:43 Bow Saw
24:45 Forging
25:48 Scale Mail Armor
28:39 Wheelbarrow
30:46 Gold Mining
33:35 Imperial Age
32:07 Chain Mail Armor
32:29 Iron Casting
32:45 Scale Barding Armor
33:17 Husbandry
34:20 Chain Barding Armor
35:34 Blast Furnace
35:37 Plate Barding Armor
34:57 Cavalier
38:04 Gold Shaft Mining
38:26 Conscription
41:42 Light Cavalry
42:46 Caravan
46:43 Hand Cart
45:56 Elite Skirmisher
46:32 Bodkin Arrow
46:38 Padded Archer Armor
47:32 Ballistics
48:12 Chemistry
49:40 Leather Archer Armor
49:39 Fortified Wall
TPE-床上小旋風
2:33 Loom
12:18 Feudal Age
16:38 Castle Age
16:45 Double-Bit Axe
18:34 Bow Saw
18:35 Horse Collar
21:45 Wheelbarrow
21:30 Fishing Lines
24:28 Gillnets
24:56 Hand Cart
26:35 Heavy Plow
26:28 Gold Mining
26:28 Stone Mining
26:50 Town Watch
31:36 Imperial Age
29:19 Town Patrol
29:17 Gambesons
29:18 Arson
30:33 Gold Shaft Mining
30:34 Stone Shaft Mining
32:05 Scale Mail Armor
33:23 Chemistry
32:34 Fortified Wall
32:30 Siege Engineers
31:50 Onager
31:51 Heavy Scorpion
33:10 Guilds
33:31 Coinage
33:02 Siege Onager
34:49 Chain Mail Armor
34:44 Forging
34:57 Conscription
34:51 Furor Celtica
34:54 Elite Woad Raider
36:54 Plate Mail Armor
36:59 Iron Casting
36:21 Stronghold
37:07 Hoardings
38:52 Blast Furnace
37:44 Fletching
38:01 Caravan
38:31 Banking
40:45 Pikeman
57:12 Bodkin Arrow
63:52 Halberdier
65:15 Padded Archer Armor
chengaopeng044
0:45 Loom
11:06 Feudal Age
12:18 Double-Bit Axe
14:48 Castle Age
14:52 Scale Barding Armor
14:58 Forging
17:42 Bloodlines
19:37 Bow Saw
21:00 Wheelbarrow
22:51 Hand Cart
23:22 Horse Collar
29:10 Gold Mining
29:24 Heavy Plow
30:27 Iron Casting
31:22 Town Watch
31:31 Stone Mining
32:42 Gold Shaft Mining
35:39 Husbandry
37:29 Chain Barding Armor
37:00 Fletching
37:11 Padded Archer Armor
41:04 Imperial Age
42:14 Conscription
41:30 Light Cavalry
41:50 Crossbowman
42:36 Thumb Ring
42:32 Bodkin Arrow
42:54 Leather Archer Armor
43:27 Stone Shaft Mining
43:08 Kamandaran
44:07 Scale Mail Armor
45:21 Two-Man Saw
44:05 Cavalier
46:37 Ring Archer Armor
47:43 Crop Rotation
48:16 Blast Furnace
47:51 Plate Barding Armor
48:22 Chemistry
47:43 Ballistics
49:30 Plate Barding Armor
49:35 Coinage
51:33 Banking
53:05 Savar
62:09 Heavy Scorpion
76:45 Caravan
Grumpy_Beto
1:28 Loom
12:21 Feudal Age
13:53 Double-Bit Axe
17:30 Castle Age
15:29 Town Watch
15:25 Horse Collar
18:50 Pikeman
25:51 Squires
28:44 Forging
34:15 Imperial Age
31:54 Arson
32:15 Scale Mail Armor
32:26 Gambesons
32:02 Man-at-Arms
32:51 Gold Mining
34:01 Iron Casting
33:56 Hamask
34:22 Halberdier
37:03 Chain Mail Armor
37:49 Blast Furnace
36:18 Halberdier
37:42 Bow Saw
38:32 Heavy Plow
42:56 Plate Mail Armor
52:44 Elite Varangian Guard
53:45 Long Swordsman
55:32 Wheelbarrow
64:20 Caravan
67:22 Hand Cart
75:00 Two-Handed Swordsman
77:15 Champion
84:40 Conscription
84:16 Capped Ram
85:36 Siege Ram
TacoLgando
1:04 Loom
11:25 Feudal Age
9:49 Double-Bit Axe
14:40 Horse Collar
17:04 Castle Age
15:47 Bow Saw
15:33 Gold Mining
17:14 Wheelbarrow
18:17 Cavalier
21:57 Light Cavalry
25:19 Forging
29:02 Pikeman
30:24 Heavy Plow
33:37 Imperial Age
33:06 Town Watch
33:44 Burgundian Vineyards
33:58 Hand Cart
34:09 Squires
34:02 Elite Coustillier
35:03 Conscription
35:23 Iron Casting
36:15 Chemistry
37:19 Scale Barding Armor
37:05 Fletching
38:15 Blast Furnace
37:26 Town Patrol
38:46 Hussar
39:26 Husbandry
40:54 Two-Man Saw
48:44 Flemish Revolution
55:34 Elite Skirmisher
58:20 Crop Rotation
65:22 Halberdier
70:09 Chain Barding Armor
82:23 Bodkin Arrow
83:23 Plate Barding Armor
Vedette87
1:01 Loom
9:47 Feudal Age
10:26 Double-Bit Axe
13:08 Fletching
15:35 Wheelbarrow
18:22 Horse Collar
24:29 Castle Age
22:34 Stone Mining
22:58 Gold Mining
25:53 Hand Cart
29:19 Imperial Age
28:37 Bow Saw
31:54 Scale Barding Armor
31:59 Forging
32:34 Man-at-Arms
32:59 Gambesons
33:15 Squires
33:16 Scale Mail Armor
34:25 Iron Casting
33:37 Long Swordsman
34:33 Chain Mail Armor
34:33 Two-Handed Swordsman
35:20 Arson
36:05 Conscription
37:27 Plate Mail Armor
36:46 Champion
40:37 Blast Furnace
40:42 Siege Engineers
40:30 Town Watch
41:04 Pikeman
41:47 Halberdier
44:23 Chemistry
44:31 Bodkin Arrow
44:58 Ballistics
45:57 Hoardings
47:54 Two-Man Saw
47:15 Heavy Plow
49:41 Crop Rotation
49:34 Guard Tower
49:29 Arrowslits
53:48 Masonry
56:17 Keep
56:25 Onager
59:15 Siege Onager
63:50 Guilds
66:23 Crenellations
73:25 Caravan
79:02 Bloodlines
82:00 Cavalier
86:13 Chain Barding Armor
[ECU] PALADINFRANCO
11:16 Feudal Age
11:38 Loom
12:39 Double-Bit Axe
15:14 Wheelbarrow
17:45 Castle Age
23:35 Bow Saw
26:32 Imperial Age
25:48 Pikeman
27:37 Chemistry
26:59 Horse Collar
28:16 Sanctity
28:05 Halberdier
31:08 Scale Mail Armor
31:19 Forging
31:29 Arson
31:44 Squires
32:18 Houfnice
34:52 Heavy Plow
37:27 Siege Engineers
43:32 Hand Cart
51:07 Town Watch
58:32 Chain Mail Armor
58:53 Iron Casting
58:15 Man-at-Arms
60:06 Two-Man Saw
61:29 Plate Mail Armor
62:00 Blast Furnace
61:33 Heavy Scorpion
81:24 Long Swordsman
Connection lost

Rejoining the realm…

Still unreachable

The connection could not be restored.

Session expired

The server has moved on; the page needs a fresh start.